 Dungeon Crawl Stone Soup version 0.29-a0-483-g69413ac (webtiles) character file.

Game seed: 4012310502426305895

28827 Illumine the Nimble (level 13, -2/63 HPs)
             Began as a Felid Summoner on May 25, 2022.
             Was an Initiate of Gozag.
             Slain by a two-headed ogre
             ... wielding a +0 giant club
              (27 damage)
             ... on level 2 of the Orcish Mines.
             The game lasted 01:27:24 (27538 turns).

Illumine the Nimble (Felid Summoner)               Turns: 27538, Time: 01:27:25

Health: -2/63      AC:  3    Str:  4    XL:     13   Next: 11%
Magic:  5/37       EV: 27    Int: 20    God:    Gozag
Gold:   2638       SH:  0    Dex: 18    Spells: 2/32 levels left
                                        Lives:  0   Deaths: 3

rFire   . . .      SeeInvis +     - Unarmed
rCold   + . .      Faith    .   (shield unavailable)
rNeg    . . .      Spirit   .   (body armour unavailable)
rPois   .          Reflect  .   (helmet unavailable)
rElec   .          Harm     .   (cloak unavailable)
rCorr   .          Rampage  .   (gloves unavailable)
Will    +....                   (boots unavailable)
Stlth   ++........              I - amulet of regeneration
HPRegen 1.00/turn               u - ring of wizardry
MPRegen 0.25/turn               M - ring of magical power

@: blade hands, gold aura, very slightly contaminated, quick
A: very small, claws 1, fangs 3, see invisible, speed 1, shaggy fur 3, (stealthy
paws), no weapons or thrown items, no armour, multi-lived
a: End Transformation, Renounce Religion, Potion Petition, Call Merchant, Bribe
Branch


You were on level 2 of the Orcish Mines.
You worshipped Gozag.
Gozag was most pleased with you.
You had blades for front paws.
You visited 4 branches of the dungeon, and saw 21 of its levels.
You also visited: Sewer and Volcano.

You collected 4731 gold pieces.
You paid 2093 gold pieces to Gozag.

Inventory:

Hand Weapons
 C - the +7 hunting sling "Herhikaaw" {venom, Will+ Str-2 Dex+6}
   (You found it on level 6 of the Dungeon)

   Any ammunition fired from it poisons the flesh of those it strikes.
   Str:       It affects your strength (-2).
   Dex:       It affects your dexterity (+6).
   Will:      It increases your willpower.
 V - the +8 falchion of Veagoisuch {distort, rPois}
   (You found it on level 10 of the Dungeon)

   It warps and distorts space around it, and may blink, banish, or inflict
   extra damage upon those it strikes.
   Unwielding it can cause banishment or high damage.
   rPois:     It protects you from poison.
Jewellery
 b - a ring of poison resistance
 c - a ring of positive energy
 e - a +6 ring of dexterity
 j - a ring of resist corrosion
 u - a ring of wizardry (left blade hand)
 A - a +4 ring of evasion
 I - an amulet of regeneration (around neck)
 M - a ring of magical power (right blade hand)
 Q - a +6 ring of intelligence
 W - a ring of wizardry
Wands
 n - a wand of paralysis (11)
 v - a wand of digging (4)
 y - a wand of iceblast (13)
 J - a wand of charming (17)
 L - a wand of polymorph (11)
 O - a wand of acid (3)
Scrolls
 f - 5 scrolls of vulnerability
 h - 8 scrolls of immolation
 k - a scroll of magic mapping
 m - 2 scrolls of teleportation
 p - 3 scrolls of fear
 r - 6 scrolls of silence
 s - 4 scrolls of blinking
 t - 5 scrolls of fog
 x - 7 scrolls of enchant armour
 G - 3 scrolls of poison {unknown}
 H - 6 scrolls of torment
 K - 2 scrolls of enchant weapon {unknown}
 S - a scroll of summoning {unknown}
Potions
 a - 6 potions of magic
 d - a potion of resistance
 g - 2 potions of mutation {unknown}
 i - 3 potions of heal wounds {unknown}
 l - 6 potions of lignification
 o - 6 potions of flight
 q - 8 potions of curing
 w - 5 potions of cancellation {unknown}
 z - 2 potions of invisibility {unknown}
 B - 2 potions of might {unknown}
 D - 2 potions of haste {unknown}
 E - 2 potions of attraction {unknown}
 N - a potion of brilliance {unknown}
 P - a potion of berserk rage {unknown}
 T - 3 potions of ambrosia {unknown}
Miscellaneous
 R - a tin of tremorstones (2/2)


   Skills:
 + Level 11.0 Fighting
 + Level 13.0 Dodging
 - Level 2.6 Stealth
 + Level 6.4 Unarmed Combat
 - Level 10.0 Spellcasting
 - Level 5.0 Hexes
 - Level 10.0 Summonings
 + Level 11.2 Translocations
 + Level 8.2 Transmutations
 - Level 10.0 Air Magic


You had 2 spell levels left.
You knew the following spells:

 Your Spells              Type           Power      Damage    Failure   Level
a - Summon Small Mammal   Summ           100%       N/A       2%          1
b - Call Imp              Summ           50%        N/A       3%          2
c - Call Canine Familiar  Summ           50%        N/A       4%          3
d - Summon Guardian Gole  Hex/Summ       40%        N/A       6%          3
e - Summon Lightning Spi  Summ/Air       50%        N/A       6%          4
f - Summon Forest         Summ/Tloc      25%        N/A       10%         5
g - Blade Hands           Tmut           21%        N/A       16%         5
h - Manifold Assault      Tloc           53%        N/A       9%          5
i - Blink                 Tloc           100%       N/A       2%          2

Your spell library contained the following spells:

 Spells                   Type           Power      Damage    Failure   Level
 Shock                    Conj/Air       100%       1d9       6%          1
 Static Discharge         Conj/Air       30%        N/A       7%          2
 Foxfire                  Conj/Fire      40%        2x1d6     16%         1
 Freeze                   Ice            40%        1d6       16%         1
 Magic Dart               Conj           40%        1d5       16%         1
 Lesser Beckoning         Tloc           53%        N/A       3%          3
 Swiftness                Air            50%        N/A       4%          3
 Airstrike                Air            25%        N/A       6%          4
 Mephitic Cloud           Conj/Pois/Air  23%        N/A       14%         3
 Inner Flame              Hex/Fire       20%        N/A       17%         3
 Conjure Flame            Conj/Fire      10%        6-21      32%         3
 Frozen Ramparts          Ice            20%        1d4       32%         3
 Irradiate                Conj/Tmut      13%        3d17      43%         5
 Dispel Undead            Necr           10%        3d9       58%         4
 Flame Wave               Conj/Fire      10%        2d5       58%         4
 Hailstorm                Conj/Ice       10%        3d5       58%         4
 Sticky Flame             Conj/Fire      10%        2d3       58%         4
 Summon Hydra             Summ           25%        N/A       67%         7
 Eringya's Noxious Bog    Tmut/Pois      13%        N/A       86%         6
 Dragon Form              Tmut           21%        N/A       86%         7


Dungeon Overview and Level Annotations

Branches:
Dungeon (12/15)            Temple (1/1) D:7            Lair (6/6) D:9
  Snake (0/4) Lair:2        Slime (0/5) Lair:6          Orc (2/2) D:10
  Sewer (visited)         Volcano (visited)
  Swamp: Lair:2-4    Shoals: Lair:2-4       Elf: Orc:2

Altars:
Ashenzari
Cheibriados
Dithmenos
Elyvilon
Fedhas
Gozag
Hepliaklqana
Kikubaaqudgha
Makhleb
Nemelex Xobeh
Okawaru
Qazlal
Sif Muna
Trog
Uskayaw
Vehumet
Wu Jian
Xom
Yredelemnul
Zin
The Shining One
Beogh
Jiyva

Shops:
D:12 =:   Lair:2 :

Annotations:
D:10 Fannar
Lair:6 2 runed translucent doors


Innate Abilities, Weirdness & Mutations

You have blades for front paws.
Your spellcasting is less reliable in this form.
You have sharp claws.
You have razor-sharp teeth.
You have supernaturally acute eyesight. (SInv)
You cover ground quickly. (Speed+)
Your thick and shaggy fur keeps you warm. (AC +3, rC+)
((Your paws help you pounce on unaware monsters.))
You are incapable of wielding weapons or throwing items.
You cannot wear armour.
You gain extra lives every three experience levels.


Message History

Unknown command.
Unknown command.
You are no longer locked in place.
The two-headed ogre is no longer distracted by gold. x2
An ogre comes into view. It is wielding a +0 giant club. x2
The two-headed ogre is distracted by your dazzling golden aura.
Unknown command.
The two-headed ogre is no longer distracted by gold. x2
The ogre is distracted by your dazzling golden aura.
The two-headed ogre is distracted by your dazzling golden aura.
Unknown command.
The ogre shouts!
The two-headed ogre shouts in stereo!
You hit the two-headed ogre.
The two-headed ogre is lightly wounded.
The ogre is no longer distracted by gold.
The two-headed ogre hits you with a +0 giant club!!
The two-headed ogre completely misses you.
The two-headed ogre is distracted by your dazzling golden aura.
The two-headed ogre shouts in stereo!
You slice the two-headed ogre!!
You kill the two-headed ogre!
You hear two shouts!
The two-headed ogre is no longer distracted by gold.
The ogre is distracted by your dazzling golden aura.
The two-headed ogre hits you with a +0 giant club!!
The two-headed ogre misses you.
The ogre shouts!
You hit the two-headed ogre.
The two-headed ogre is lightly wounded.
The ogre is distracted by your dazzling golden aura.
A two-headed ogre comes into view.
It is wielding two +0 giant spiked clubs.
Unknown command.
The ogre shouts!
You hit the two-headed ogre.
You bite the two-headed ogre, but do no damage.
The two-headed ogre is moderately wounded.
The ogre is no longer distracted by gold.
The two-headed ogre hits you with a +0 giant club!!
You die...
Your body crumbles into a pile of gold.

.......§≈O≈$.. .
.......≈o§≈#.. .
.....$$§OO...♣ $
.#.##..$..O.♣.♣.
#.O.#..♣..#.....
#....$........O.
##.$O......#
..♣.
##$.$.#♣#.♣.♣
...♣ #@OO# #♣..♣
... ##.## ...
#.. #...# ##.##
###


You could see 2 two-headed ogres and 2 ogres.

Vanquished Creatures
  A red draconian (Volcano)
  3 ogre magi (Orc:2)
  2 two-headed ogres (Orc:2)
  An ugly thing (D:12)
  A deep elf pyromancer (D:12)
  A manticore (D:11)
  2 molten gargoyles (Volcano)
  3 unseen horrors (D:11)
  A wyvern (Lair:6)
  2 vampire mosquitoes
  An orc warrior (Orc:2)
  2 ogres (Orc:2)
  3 killer bees (D:11)
  3 electric eels (Lair:3)
  A howler monkey (D:5)
  2 lava snakes (Lair:3)
  An orc priest (Orc:1)
  2 orc wizards
  A bat (D:2)
  A goblin (D:3)
  2 rats
36 creatures vanquished.

Vanquished Creatures (collateral kills)
  An orc warlord (Orc:1)
  6 hydras
  2 boulder beetles
  An ogre mage (Orc:2)
  5 two-headed ogres
  5 death yaks (Lair:6)
  Lodul (D:11)
  An orc knight (Volcano)
  2 lindwurms
  An ugly thing (D:12)
  2 cyclopes
  4 salamanders (Volcano)
  3 elephants (Lair:3)
  4 molten gargoyles
  A gargoyle (D:11)
  5 cane toads
  5 black mambas
  Psyche (D:10)
  2 rime drakes
  8 komodo dragons
  A polar bear (Lair:5)
  10 blink frogs
  2 wraiths
  2 wyverns
  6 basilisks
  5 steam dragons
  32 yaks
  2 vampire mosquitoes (D:11)
  Menkaure (D:7)
  5 wargs
  An acid dragon (D:12)
  5 hell hounds (Lair:6)
  10 water moccasins
  The ghost of Dega the Slinger, an amateur SpHu (D:4)
  3 sky beasts
  9 orc warriors
  A black bear (Lair:3)
  11 wolves
  12 ogres
  2 centaurs (D:9)
  3 kobold brigands
  A phantom (D:5)
  10 bullfrogs
  3 necrophages
  A gnoll sergeant (D:8)
  5 scorpions
  6 wights
  14 killer bees
  3 howler monkeys
  2 electric eels
  8 lava snakes
  A crimson imp (D:8)
  4 hounds
  A jelly (D:6)
  4 orc priests
  A gnoll shaman (D:9)
  2 iguanas
  13 orc wizards
  5 hell rats (Lair:4)
  11 adders
  8 gnolls
  5 river rats
  A shadow imp (D:6)
  2 white imps
  An ufetubus (D:6)
  7 worms
  4 dart slugs
  38 orcs
  5 bats
  6 endoplasms
  3 giant cockroaches
  8 hobgoblins
  9 jackals
  20 kobolds
  4 quokkas
  7 ball pythons
  4 frilled lizards (D:1)
  10 goblins
  9 rats
430 creatures vanquished.

Vanquished Creatures (others)
  Rupert (Lair:3)
  A catoblepas (Lair:2)
  A hydra (Lair:1)
  A two-headed ogre (D:11)
  Pikel (D:4)
  3 black mambas
  Joseph (Lair:1)
  2 cane toads
  2 komodo dragons (Lair:6)
  A polar bear (Lair:3)
  A troll (D:9)
  3 blink frogs (Lair:3)
  10 yaks
  A basilisk (Lair:6)
  2 vampire mosquitoes (D:12)
  2 water moccasins
  3 black bears
  An ice beast (D:5)
  An ogre (D:11)
  A bullfrog (Lair:1)
  A scorpion (D:5)
  A wight (D:9)
  5 killer bees
  A hound (D:5)
  An iguana (D:4)
  2 orc wizards
  A hell rat (Lair:4)
  An orc (D:7)
  A quokka (D:5)
  A kobold (Sewer)
  39 fungi
  30 plants
  10 snaplasher vines
133 creatures vanquished.

Grand Total: 599 creatures vanquished

Notes
Turn   | Place    | Note
-------+----------+-------------------------------------------
     0 | D:1      | Illumine the Felid Summoner began the quest for the Orb.
     0 | D:1      | Reached XP level 1. HP: 7/7 MP: 4/4
   290 | D:1      | Reached XP level 2. HP: 11/11 MP: 4/6
   293 | D:1      | Learned a level 2 spell: Call Imp
  1406 | D:2      | Found a hazy altar of Hepliaklqana.
  1584 | D:2      | Reached XP level 3. HP: 14/14 MP: 4/8
  1617 | D:2      | Learned a level 3 spell: Call Canine Familiar
  2419 | D:2      | Reached XP level 4. HP: 13/18 MP: 1/9
  2493 | D:2      | Learned a level 3 spell: Summon Guardian Golem
  2894 | D:2      | Reached skill level 1 in Hexes
  2894 | D:2      | Reached skill level 5 in Summonings
  3540 | D:3      | Reached XP level 5. HP: 19/21 MP: 11/11
  4068 | D:4      | Noticed a lemure
  4069 | D:4      | Noticed Pikel
  4069 | D:4      | Noticed a lemure
  4071 | D:4      | Noticed a lemure
  4077 | D:4      | Noticed a lemure
  4086 | D:4      | Killed Pikel
  4087 | D:4      | Reached skill level 5 in Hexes
  4087 | D:4      | Gained mutation: You are covered in thick fur. (AC +2)
                  | [Felid growth]
  4087 | D:4      | Reached XP level 6. HP: 17/24 MP: 10/14
  4087 | D:4      | Reached XP level 7. HP: 19/27 MP: 10/15
  4223 | D:4      | Learned a level 4 spell: Summon Lightning Spire
  4487 | D:4      | Found an ornate altar of the Wu Jian Council.
  4572 | D:4      | Found a runed translucent door.
  4573 | D:4      | Noticed Dega's ghost (amateur SpHu)
  4620 | D:4      | Reached skill level 5 in Spellcasting
  4715 | D:4      | Reached skill level 1 in Air Magic
  4793 | D:4      | Found a runed translucent door.
  4868 | D:4      | Found an iron altar of Okawaru.
  4932 | D:5      | Entered Level 5 of the Dungeon
  4933 | D:5      | Found a stormy altar of Qazlal.
  4934 | D:5      | Noticed a fire elemental
  5029 | D:5      | Noticed an air elemental
  5029 | D:5      | Noticed a water elemental
  5105 | D:5      | Reached XP level 8. HP: 31/31 MP: 7/17
  5258 | D:5      | Found a blossoming altar of Fedhas.
  6340 | D:6      | Found a glowing drain.
  6345 | Sewer    | Entered a sewer
  6513 | Sewer    | Found a glowing silver altar of Zin.
  6887 | D:6      | Identified the +7 hunting sling "Herhikaaw" {venom, Will+
                  | Str-2 Dex+6}
  7068 | D:6      | Reached XP level 9. HP: 34/34 MP: 20/20
  7380 | D:6      | Killed from afar by a steam dragon
  7381 | D:6      | Reached XP level 8. HP: -13/31 MP: 11/19
  8039 | D:7      | Noticed Menkaure
  8133 | D:7      | Killed Menkaure
  8134 | D:7      | Reached skill level 5 in Air Magic
  8496 | D:7      | Found a staircase to the Ecumenical Temple.
  8502 | Temple   | Entered the Ecumenical Temple
  8805 | D:7      | Reached XP level 9. HP: 29/34 MP: 18/21
  9715 | D:7      | Reached skill level 3 in Dodging
 10012 | D:8      | Reached skill level 1 in Fighting
 10323 | D:8      | Found a burning altar of Makhleb.
 10347 | D:8      | Reached skill level 4 in Dodging
 10606 | D:8      | Found a white marble altar of Elyvilon.
 10762 | D:8      | Found a basalt altar of Yredelemnul.
 10888 | D:8      | Reached XP level 10. HP: 40/40 MP: 13/23
 10969 | D:8      | Found an opulent altar of Gozag.
 10978 | D:8      | Became a worshipper of Gozag Ym Sagoz the Greedy
 11011 | D:8      | Found a shadowy altar of Dithmenos.
 11247 | D:9      | Found a hide-covered altar of Uskayaw.
 11351 | D:9      | Reached skill level 5 in Dodging
 11383 | D:9      | Reached skill level 10 in Summonings
 11834 | D:9      | Reached skill level 6 in Dodging
 12022 | D:9      | Learned a level 5 spell: Summon Forest
 12026 | D:9      | Found a staircase to the Lair.
 12216 | D:9      | Reached skill level 1 in Translocations
 12315 | Lair:1   | Entered Level 1 of the Lair of Beasts
 12487 | Lair:1   | Noticed Joseph
 12497 | Lair:1   | Killed Joseph
 13099 | Lair:1   | You fall into a shaft and drop 1 floor!
 13117 | Lair:2   | Noticed a cane toad
 13131 | Lair:2   | Killed a cane toad
 13134 | Lair:2   | Noticed an eight-headed hydra
 13161 | Lair:2   | Killed an eight-headed hydra
 13162 | Lair:2   | Reached skill level 7 in Dodging
 13292 | Lair:2   | Noticed a catoblepas
 13309 | Lair:2   | Killed a catoblepas
 13310 | Lair:2   | Reached skill level 5 in Fighting
 13310 | Lair:2   | Reached XP level 11. HP: 47/47 MP: 8/24
 13528 | Lair:1   | Noticed a five-headed hydra
 13542 | Lair:1   | Killed a five-headed hydra
 14098 | Lair:2   | Found a staircase to the Snake Pit.
 14146 | Lair:2   | Reached skill level 8 in Dodging
 14146 | Lair:2   | Reached skill level 5 in Translocations
 14658 | Lair:2   | Reached skill level 9 in Dodging
 15305 | Lair:3   | Found the +10 Black Knight's barding {ponderous, rPois rN+}
 15419 | Lair:3   | Noticed a five-headed hydra
 15430 | Lair:3   | Killed a five-headed hydra
 16008 | Lair:3   | Noticed Rupert
 16121 | Lair:3   | Gained mutation: Your thick and shaggy fur keeps you warm.
                  | (AC +3, rC+) [Felid growth]
 16121 | Lair:3   | Reached XP level 12. HP: 52/54 MP: 20/25
 16216 | Lair:4   | Reached skill level 10 in Dodging
 16495 | Lair:4   | Noticed a six-headed hydra
 16501 | Lair:4   | Killed a six-headed hydra
 17112 | Lair:5   | Noticed a boulder beetle
 17142 | Lair:5   | Killed a boulder beetle
 17143 | Lair:5   | Reached skill level 11 in Dodging
 17612 | Lair:5   | Reached skill level 10 in Translocations
 17635 | Lair:5   | Reached skill level 10 in Air Magic
 17711 | Lair:5   | Learned a level 5 spell: Blade Hands
 17770 | Lair:5   | Reached skill level 1 in Transmutations
 18089 | Lair:6   | Entered Level 6 of the Lair of Beasts
 18101 | Lair:6   | Found a staircase to the Slime Pits.
 18101 | Lair:6   | Found a viscous altar of Jiyva.
 18466 | Lair:6   | Noticed a five-headed hydra
 18474 | Lair:6   | Killed a five-headed hydra
 18590 | Lair:6   | Noticed a death yak
 18602 | Lair:6   | Noticed a death yak
 18603 | Lair:6   | Noticed a death yak
 18607 | Lair:6   | Killed a death yak
 18608 | Lair:6   | Reached skill level 12 in Dodging
 18608 | Lair:6   | Reached XP level 13. HP: 60/60 MP: 18/26
 19224 | Lair:6   | Killed from afar by a hell hound
 19225 | Lair:6   | Reached XP level 12. HP: -5/57 MP: 26/34
 19466 | Lair:6   | Learned a level 5 spell: Manifold Assault
 19512 | Lair:6   | Found a large runed translucent door.
 19756 | Lair:6   | Reached skill level 5 in Transmutations
 19927 | Lair:6   | Reached skill level 1 in Unarmed Combat
 20022 | Lair:6   | Noticed a fire dragon
 20094 | Lair:6   | Found a large runed translucent door.
 21057 | Lair:3   | Paralysed by Rupert for 3 turns
 21062 | Lair:3   | Reached skill level 10 in Fighting
 21081 | Lair:3   | Killed Rupert
 21640 | D:4      | Killed Dega's ghost
 21781 | D:10     | Entered Level 10 of the Dungeon
 21818 | D:10     | Identified the +8 falchion of Veagoisuch {distort, rPois}
 21963 | D:10     | Noticed Psyche
 21973 | D:10     | Killed Psyche
 22145 | D:10     | Noticed Fannar
 22184 | D:10     | Found a staircase to the Orcish Mines.
 22471 | D:11     | Reached XP level 13. HP: 7/61 MP: 19/27
 22849 | D:11     | Noticed Lodul
 22859 | D:11     | Killed Lodul
 23632 | D:11     | Reached skill level 5 in Unarmed Combat
 25050 | D:12     | Learned a level 2 spell: Blink
 25148 | Orc:1    | Entered Level 1 of the Orcish Mines
 25177 | Orc:1    | Found a dark tunnel.
 25192 | Volcano  | Entered a volcano
 25682 | Volcano  | Noticed an orb of fire
 25818 | Volcano  | Noticed a red draconian
 25863 | Volcano  | Killed a red draconian
 25864 | Volcano  | Reached skill level 10 in Spellcasting
 26234 | Orc:1    | Noticed an orc warlord
 26404 | Orc:1    | Killed an orc warlord
 26960 | Orc:2    | Entered Level 2 of the Orcish Mines
 27507 | Orc:2    | Demolished by a two-headed ogre
 27508 | Orc:2    | Reached XP level 12. HP: -20/59 MP: 18/36
 27510 | Orc:2    | Killed a two-headed ogre
 27519 | Orc:2    | Noticed a two-headed ogre
 27523 | Orc:2    | Noticed a two-headed ogre
 27526 | Orc:2    | Killed a two-headed ogre
 27527 | Orc:2    | Reached XP level 13. HP: 63/63 MP: 12/28
 27529 | Orc:2    | Reached skill level 13 in Dodging
 27538 | Orc:2    | Slain by a two-headed ogre

Illustrated notes

Levels and vault maps discovered:
D:1:      lemuel_arrival_rhombus, layout_basic
D:2:      minmay_thinvault, layout_rooms, basic_altar, minivault_5,
          minmay_liquid_box, ebering_dispersal_statue_hall
D:3:      layout_basic
D:4:      layout_basic, mainiacjoe_overflow_six_doors_small,
          okawaru_ov_weapons_minmay, ebering_ghost_sewer_f, uniq_pikel
D:5:      layout_basic, nicolae_qazlal_style_of_elements, fedhas_ov_isle_minmay
D:6:      nicolae_cairo_tiling_large, layout_basic, lightli_sewer_entry_pipes
D:7:      layout_loops_ring, minmay_temple_entry_overgrown, uniq_menkaure
D:8:      layout_rooms, makhleb_grotto_becter, mainiacjoe_overflow_alcove_1,
          kennysheep_ying_yang, grunt_gozag_breadcrumbs
D:9:      layout_cave_pools, lemuel_tele_altar, erik_lair_island,
          grunt_decor_cap
D:10:     layout_loops_corners, nicolae_ru_the_path_less_chosen,
          minmay_orc_entry_guard_dogs, uniq_psyche, uniq_sonja, uniq_fannar
D:11:     layout_gridville, uniq_lodul
D:12:     layout_cave_pods
Temple:   minmay_temple_curvy_loop
Lair:1:   layout_long_grid, infiniplex_staircase_pool, uniq_joseph
Lair:2:   layout_chaotic_city, dummy_snake_entry, beast_lair_carwin_11,
          serial_bayou_shore_b
Lair:3:   layout_hall_layers, nicolae_lair_liquid_snakes, grunt_megastairs_2,
          uniq_rupert
Lair:4:   layout_regular_city, minmay_swamp_entry_eels, grunt_megastairs_1
Lair:5:   wander_river, layout_long_grid
Lair:6:   cheibrodos_lair_end_hotspot, layout_big_grid, slime_altar_1
Orc:1:    layout_caves, nicolae_volcano_entry_vermiform, basic_altar
Orc:2:    st_orc_ogre_mass, layout_caves, mines5_lemuel

Skill      XL: |  1  2  3  4  5  6  7  8  9 10 11 12 13 |
---------------+----------------------------------------+-----
Spellcasting   | 3 4 5 7 8 9 10 | 10.0
Hexes          | 2 5 |  5.0
Summonings     | 5 6 8 9 10 | 10.0
Air Magic      | 2 5 6 7 9 10 | 10.0
Dodging        | 4 7 9 12 13 | 13.0
Fighting       | 2 5 7 10 11 | 11.0
Translocations | 4 8 10 11 | 11.2
Transmutations | 8 7 |  8.2
Unarmed Combat | 3 6 |  6.4
Stealth        | |  2.6

Action                   |  1- 3 |  4- 6 |  7- 9 | 10-12 | 13-15 || total
-------------------------+-------+-------+-------+-------+-------++-------
Melee: Unarmed           |     6 |     5 |    12 |    27 |   111 ||   161
       Bite              |     2 |     1 |     3 |     4 |     5 ||    15
       Punch             |       |       |       |       |     3 ||     3
 Cast: Summon Small Mamm |    44 |    16 |     5 |       |       ||    65
       Call Imp          |    27 |    20 |    28 |     5 |       ||    80
       Call Canine Famil |       |     3 |    50 |    77 |    31 ||   161
       Summon Guardian G |       |     1 |    28 |    92 |    36 ||   157
       Summon Lightning  |       |       |    29 |   104 |    45 ||   178
       Summon Forest     |       |       |       |    19 |     6 ||    25
       Blade Hands       |       |       |       |     5 |    20 ||    25
       Manifold Assault  |       |       |       |     4 |    36 ||    40
       Blink             |       |       |       |       |     1 ||     1
Invok: Call Merchant     |       |       |       |     1 |     2 ||     3
Evoke: Wand              |       |       |       |    12 |     3 ||    15
  Use: Scroll            |       |     8 |     4 |     3 |     3 ||    18
 Stab: Distracted        |       |       |       |       |     3 ||     3
Armor: Skin              |     1 |     4 |     7 |     7 |     3 ||    22
Dodge: Dodged            |    24 |    17 |    78 |   160 |    90 ||   369

Table legend: (Time is in decaauts)
 A = Elapsed time spent in this place.
 B = Non-inter-level travel time spent in this place.
 C = Inter-level travel time spent in this place.
 D = Time resting spent in this place.
 E = Time spent auto-exploring this place.
 F = Levels seen in this place.
 G = Mean time per level.
                   A        B        C        D        E       F      G
               +--------+--------+--------+--------+--------+-----+--------+
         Total |  24752 |  23568 |   1184 |   5762 |  11877 |  23 | 1076.2 |
       Dungeon |  14063 |  13295 |    768 |   3198 |   6757 |  12 | 1171.9 |
        Temple |    181 |    163 |     18 |      0 |    159 |   1 |  181.0 |
          Lair |   8159 |   7924 |    235 |   1521 |   4495 |   6 | 1359.8 |
  Orcish Mines |   1156 |    993 |    163 |    354 |    387 |   2 |  578.0 |
         Sewer |    273 |    273 |      0 |     72 |     78 |   1 |  273.0 |
       Volcano |    917 |    917 |      0 |    616 |      0 |   1 |  917.0 |
               +--------+--------+--------+--------+--------+-----+--------+

Top non-repeatable levels by time:
  Lair:6: 2242 daAuts
     D:7: 1690 daAuts
  Lair:3: 1561 daAuts
     D:2: 1560 daAuts
    D:11: 1386 daAuts
  Lair:1: 1382 daAuts
     D:8: 1243 daAuts
     D:6: 1232 daAuts
  Lair:2: 1214 daAuts
     D:5: 1168 daAuts
    D:12: 1124 daAuts
     D:1: 1116 daAuts
   Orc:1: 1088 daAuts
     D:9: 1069 daAuts
  Lair:5: 1042 daAuts
